 Dungeon Sprint DCSS version 0.27.1-1-g398f81649c (webtiles) character file.

Game seed: 2242825159948988405

287 ugugthedestroyer the Protected (level 6, -1/61 HPs)
             Began as a Hill Orc Fighter on Sept 7, 2021.
             Was an Initiate of Beogh.
             Slain by a troll (10 damage)
             ... in the Dungeon (Sprint IX: "|||||||||||||||||||||||||||||").
             The game lasted 00:01:22 (398 turns).

ugugthedestroyer the Protected (Hill Orc Fighter)    Turns: 398, Time: 00:01:22

Health: -1/61      AC: 11    Str: 21    XL:     6   Next: 30%
Magic:  6/6        EV:  8    Int: 11    God:    Beogh [......]
Gold:   0          SH: 10    Dex: 10    Spells: 5/5 levels left

rFire    . . .     SeeInvis .   l - +2 scimitar (holy)
rCold    . . .     Faith    .   c - +0 kite shield
rNeg     . . .     Spirit   .   b - +0 scale mail
rPois    .         Reflect  .   (no helmet)
rElec    .         Harm     .   m - +0 cloak
rCorr    .         Rampage  .   (no gloves)
Will     .....     NoTele   +   (no boots)
Stlth    ..........             (no amulet)
HPRegen  0.20/turn              o - +2 ring of protection
MPRegen  0.10/turn              n - +3 ring of intelligence

@: on berserk cooldown, very slightly contaminated, slowed, invisible
(expiring), very slow
A: no striking features
a: Renounce Religion


You were in the Dungeon.
You worshipped Beogh.
Beogh was noncommittal.
You visited 1 branch

Inventory:

Hand Weapons
 a - a +0 long sword
 l - a +2 scimitar of holy wrath (weapon)
Armour
 b - a +0 scale mail (worn)
 c - a +0 kite shield (worn)
 m - a +0 cloak (worn)
Jewellery
 n - a +3 ring of intelligence (right hand)
 o - a +2 ring of protection (left hand)
Wands
 k - a wand of iceblast (10)
Scrolls
 g - 2 scrolls of amnesia
 j - 2 scrolls of blinking
Potions
 e - 5 potions of curing
 f - a potion of heal wounds
 h - 4 potions of magic


   Skills:
 + Level 8.2 Fighting
 + Level 7.0 Long Blades
 + Level 8.3 Armour
 + Level 0.7 Dodging
 + Level 7.3 Shields


You had 5 spell levels left.
You didn't know any spells.
Your spell library was empty.

Dungeon Overview and Level Annotations

Branches:
Dungeon (1/1)

Altars:
Cheibriados
Dithmenos
Elyvilon
Fedhas
Gozag
Hepliaklqana
Kikubaaqudgha
Makhleb
Nemelex Xobeh
Okawaru
Qazlal
Ru
Sif Muna
Trog
Uskayaw
Vehumet
Wu Jian
Xom
Yredelemnul
Zin
The Shining One
Beogh
Jiyva
Lugonu


Message History

You hit the troll.
The troll is heavily wounded.
You block the troll's attack. x2; The troll barely misses you.
You hit the troll.
The troll is heavily wounded.
The troll bites you but does no damage. The troll claws you but does no damage.
The troll claws you!
* * * LOW HITPOINT WARNING * * *
You block the troll's attack. The troll claws you.
* * * LOW HITPOINT WARNING * * *
The troll barely misses you.
You feel much better. The troll bites you but does no damage.
The troll claws you but does no damage. The troll claws you!
You hit the troll.
The troll is heavily wounded.
The troll closely misses you. The troll completely misses you.
The troll claws you but does no damage. You block the troll's attack.
The troll claws you. x2
You strike the helpless troll from behind!
You hit the troll but do no damage.
The troll is heavily wounded.
The troll barely misses you. x2; The troll claws you.
You block the troll's attack. x2; The troll claws you but does no damage.
You slash the troll!
The troll is severely wounded.
You flicker for a moment.
You block the troll's attack. x2; The troll claws you but does no damage.
You hit the troll.
The troll is severely wounded.
The troll barely misses you. The troll closely misses you. The troll claws you.
You block the troll's attack. The troll claws you.
* * * LOW HITPOINT WARNING * * *
The troll claws you.
* * * LOW HITPOINT WARNING * * *
You slash the troll!
The troll is almost dead.
You block the troll's attack. x2; The troll claws you!
* * * LOW HITPOINT WARNING * * *
The troll bites you!
You die... ▓▓▓▓▓▓▓▓▓▓▓▓▓▓▓▓▓▓▓▓▓▓▓▓ ______'..).[.[..@TYZZZ.+ ▓▓▓▓▓▓▓▓▓▓▓▓▓▓▓▓▓▓▓▓▓▓▓▓

You could see a yak, a troll, a ball python zombie (wandering), an adder zombie (wandering) and a giant cockroach zombie (wandering).

Vanquished Creatures
  An orc warrior (D)
  An ogre (D)
  A phantom (D)
  An iguana (D)
  An orc (D)
  An endoplasm (D)
  A goblin (D)
  A jackal (D)
  A quokka (D)
  A ball python (D)
  A kobold (D)
11 creatures vanquished.

Notes
Turn   | Place    | Note
-------+----------+-------------------------------------------
     0 | D        | ugugthedestroyer the Hill Orc Fighter began the quest for
                  | the Orb.
     0 | D        | Reached XP level 1. HP: 19/19 MP: 1/1
     1 | D        | Banished a spatial maelstrom
   294 | D        | Noticed an iguana
   294 | D        | Noticed an ogre
   294 | D        | Noticed a phantom
   300 | D        | Killed an iguana
   301 | D        | Reached skill level 5 in Fighting
   301 | D        | Reached XP level 2. HP: 20/29 MP: 2/2
   301 | D        | Reached XP level 3. HP: 25/36 MP: 3/3
   303 | D        | Killed an ogre
   304 | D        | Reached skill level 5 in Long Blades
   304 | D        | Reached skill level 5 in Shields
   304 | D        | Reached XP level 4. HP: 32/45 MP: 4/4
   304 | D        | Reached XP level 5. HP: 37/51 MP: 5/5
   305 | D        | Killed a phantom
   318 | D        | Found a roughly hewn altar of Beogh.
   318 | D        | Found a snail-covered altar of Cheibriados.
   318 | D        | Found a shadowy altar of Dithmenos.
   318 | D        | Found a white marble altar of Elyvilon.
   318 | D        | Found a blossoming altar of Fedhas.
   318 | D        | Found an opulent altar of Gozag.
   319 | D        | Found a hazy altar of Hepliaklqana.
   320 | D        | Found a viscous altar of Jiyva.
   321 | D        | Became a worshipper of Beogh the Brigand
   322 | D        | Found an ancient bone altar of Kikubaaqudgha.
   323 | D        | Found a corrupted altar of Lugonu.
   324 | D        | Found a burning altar of Makhleb.
   325 | D        | Found a sparkling altar of Nemelex Xobeh.
   326 | D        | Found an iron altar of Okawaru.
   327 | D        | Found a stormy altar of Qazlal.
   328 | D        | Found a sacrificial altar of Ru.
   329 | D        | Found a shimmering blue altar of Sif Muna.
   330 | D        | Found a bloodstained altar of Trog.
   331 | D        | Found a hide-covered altar of Uskayaw.
   332 | D        | Found a radiant altar of Vehumet.
   333 | D        | Found an ornate altar of the Wu Jian Council.
   334 | D        | Found a shimmering altar of Xom.
   335 | D        | Found a basalt altar of Yredelemnul.
   336 | D        | Found a glowing silver altar of Zin.
   337 | D        | Found a glowing golden altar of the Shining One.
   371 | D        | Noticed an orc warrior
   371 | D        | Noticed a troll
   371 | D        | Noticed a yak
   381 | D        | Killed an orc warrior
   382 | D        | Reached XP level 6. HP: 61/61 MP: 6/6
   398 | D        | Slain by a troll

Illustrated notes

Levels and vault maps discovered:
D:        linesprint [early_d, line_temple, items_1, d_10, items_2, lair_1,
          lair_end, items_3, orc_1, orc_end, items_4, d_15, swamp_1, shoals_1,
          snake_1, spider_1, d_20, vaults_1, items_5, swamp_end, shoals_end,
          snake_end, spider_end, vaults_end, d_27, items_6, zot_1, zot_end,
          crypt_end, forest_end, elf_end, slime_end, tomb_end, abyss_end,
          pan_hell_end]

Skill      XL: |  1  2  3  4  5 |
---------------+----------------+-----
Fighting       | 5 6 8 |  8.2
Shields        | 4 5 7 |  7.3
Long Blades    | 3 5 7 |  7.0
Armour         | 4 6 8 |  8.3
Dodging        | |  0.7

Action                   |  1- 3 |  4- 6 || total
-------------------------+-------+-------++-------
Melee: Long sword        |    25 |     8 ||    33
       Scimitar          |       |    23 ||    23
  Use: Potion            |     3 |     3 ||     6
 Stab: Invisible         |       |     3 ||     3
Armor: Scale mail        |     9 |    11 ||    20
Dodge: Dodged            |     3 |    17 ||    20
Block: Kite shield       |    11 |    31 ||    42
       Rpst.: Scimitar   |       |     2 ||     2
